Shadow, chaotic male elven Priest --------- ---- ---- --- |...||..| ---|..-- --- ---------..--------.-----...--..----.--...| -.............o@......f..........................-- - ----- -----------------^....--..-...............-- |.......[......)...........| ---.......[................---- |.................---.......| ---.......-.......----......-- |.................--.......| |.......(..--.............-- --.........||.......)--.--- ---.......---.--..------ ----..... ---|...| --....| ---.--- |....- --...| |..... |....| |....- |..<.| ---.-- --)--- --- --- Shadow the Acolyte Experience level: 4 Strength: 12 Dexterity: 11 Constitution: 13 Intelligence: 11 Wisdom: 19 Charisma: 9 Health: 0(25) Energy: 68(68) Def: 5 Gold: 168 Moves: 837 Dungeon seed: ksbpwb1hU7z5D9Wr Game ID: Shadow_1615044490 Your Inventory: Coins $ - 168 gold pieces Weapons a - a blessed +1 mace (weapon in hand) i - 8 +0 silver arrows l - 10 +0 arrows o - 8 +0 darts (in quiver) Armor e - a +0 robe (being worn) n - a +0 small shield (being worn) q - a blessed +0 pair of iron shoes (being worn) Comestibles c - a clove of garlic d - a sprig of wolfsbane Spellbooks f - a spellbook of light g - a spellbook of remove curse Potions b - 4 potions of holy water s - a potion of levitation t - a potion of extra healing Rings j - a ring of sustain ability (on left hand) k - a ring of teleport control (on right hand) Tools h - a bell p - a tallow candle (0:200) Gems r - an obsidian stone y - a fluorite stone z - a worthless piece of orange glass N - 2 worthless pieces of violet glass Spells and supernatural/magical abilities: Name Level Category Fail Memory l - light 1 divination 0% 96% r - remove curse 3 clerical 0% 96% W - pray for help -- divine ? -- X - turn undead -- divine ? -- Your skills at the end: Fighting Skills Weapon Skills mace [Basic] Spellcasting Skills clerical spells [Basic] Final Attributes: You were piously aligned. You were sleep resistant. You had infravision. You had teleport control. You had fixed abilities. You are dead. Vanquished creatures: a gnome lord 2 dwarves a hobbit a large kobold 8 gnomes 3 jackals a fox 2 goblins a grid bug 2 bats 5 lichens a kobold zombie a newt 29 creatures vanquished. Voluntary challenges: You were an atheist. You used a wielded weapon 30 times, starting on turn 158. You were illiterate. You never genocided any monsters. You never polymorphed an object. You never changed form. You used no wishes. You never split a pudding. You never wrote Elbereth's name. You never violated your personal moral code. Dungeon overview: The Dungeons of Doom: levels 1 to 2 Level 1 a fountain a long staircase Level 2 a fountain stairs to The Gnomish Mines The Gnomish Mines: Level 3 <- You were here stairs to The Dungeons of Doom History has recorded: On T:1 you entered the Dungeons of Doom to retrieve the Amulet of Yendor! On T:373 you reached level 2 of The Dungeons of Doom. On T:555 you advanced to experience level 2. On T:650 you advanced to experience level 3. On T:700 you reached level 1 of The Gnomish Mines. On T:777 you advanced to experience level 4. Score breakdown: Gold: 168 ( 7578 points) Experience: 4 levels ( 9649 points) Exploration: 3 levels ( 6.38%) ( 6255 points) Discoveries: 0 items ( 0.00%) ( 0 points) Valuables value: (no points given unless you survive) Artifact value: 0 ( 0 points) Variety of kills: 13 monsters ( 3.41%) ( 5541 points) Turncount: 837 turns ( 0 points) Survival: died (score multiplied by 80%) Total score: 23218 Latest messages: Qwerty eats a partly eaten gnome corpse. A gush of water hits the bat on the head! You stop running. Qwerty misses the bat. The bat misses. You miss the bat. The bat bites! Qwerty misses the bat. The bat bites! Qwerty bites the bat. The bat is killed! You stop running. The hobgoblin wields a curved sword! You hit the hobgoblin. The bat bites! The hobgoblin swings her curved sword. The hobgoblin misses. The bat misses. The bat bites! You kill the bat! The hobgoblin swings her curved sword. The hobgoblin hits! You miss the hobgoblin. The hobgoblin swings her curved sword. The hobgoblin hits! You die... Final status: Goodbye Shadow the Priest, killed by a hobgoblin... You died in The Gnomish Mines on dungeon level 3 with 23218 points, and 168 pieces of gold, after 837 moves. You were level 4 with a maximum of 25 hit points when you died.